Map: 16-Bit LE

Players

Iceman

  • Race: Zerg Zerg
  • League: Diamond
  • Spawn Location: 1:00

CaptainPuka - Winner!

  • Race: Terran Terran
  • League: Diamond
  • Spawn Location: 7:00

VOD

Have the link to the VOD?

Description

Time

  • Played on: Aug. 2, 2018, 5:19 p.m.
  • Length: 12:28
Show
View Real Time Build Order
Export as new Build Order

Iceman Zerg 

Build Orders: Hatch First, Swarm Host 

Get SALT Encoding   

  12  0:01  Drone  
  13  0:12  Overlord  
  13  0:17  Drone  
  14  0:31  Drone x2  
  14  0:34  Drone  
  17  0:55  Hatchery  
  16  0:57  Drone  
  16  1:01  Drone  
  18  1:11  Extractor  
  17  1:16  Spawning Pool  
  16  1:22  Drone x2  
  18  1:28  Drone  
  19  1:38  Overlord  
  19  1:49  Drone  
  20  2:04  Zergling x2, Queen  
  20  2:07  Zergling x2, Queen  
  26  2:11  Drone  
  27  2:17  Drone  
  28  2:31  Hatchery  
  26  2:40  Drone x3  
  29  2:48  Metabolic Boost  
  29  2:53  Pneumatized Carapace  
  29  2:56  Drone  
  30  3:00  Overlord  
  30  3:06  Drone  
  30  3:07  Drone  
  30  3:08  Drone  
  33  3:13  Drone x2  
  35  3:28  Drone x6  
  41  3:40  Overlord  
  41  3:45  Drone x3  
  44  3:48  Extractor  
  44  3:54  Evolution Chamber  
  44  3:55  Overlord  
  42  3:57  Queen x2  
  42  3:59  Queen  
  42  4:01  Drone  
  49  4:03  Drone  
  49  4:04  Drone  
  49  4:06  Drone  
  49  4:08  Drone  
  53  4:16  Drone, Roach Warren  
  53  4:17  Drone  
  53  4:18  Drone  
  55  4:25  Extractor  
  55  4:26  Overlord  
  55  4:29  Drone x4  
  58  4:40  Overlord x2  
  58  4:42  Zergling x2  
  59  4:48  Zergling x10  
  59  4:49  Zergling x2  
  65  4:56  Roach  
  67  5:01  Roach x2  
  67  5:03  Zerg Ground Armor Level 1  
  67  5:05  Roach  
  73  5:09  Roach  
  73  5:10  Roach x3, Queen  
  73  5:13  Queen  
  85  5:15  Roach  
  85  5:19  Roach  
  89  5:26  Overlord x2  
  89  5:32  Overlord x2  
  89  5:47  Roach x3  
  89  5:48  Roach x5  
  105  5:52  Drone x2  
  105  5:57  Spore Crawler  
  106  5:58  Spore Crawler  
  106  5:59  Spore Crawler  
  106  6:02  Roach x3  
  110  6:06  Roach  
  110  6:08  Roach x2  
  102  6:39  Drone x13  
  115  6:41  Lair  
  115  6:44  Extractor  
  114  6:48  Extractor  
  114  6:49  Drone, Extractor  
  114  6:51  Drone x2  
  115  6:56  Drone  
  116  7:14  Drone  
  116  7:15  Drone x3  
  120  7:16  Drone x2  
  120  7:18  Overlord x4  
  122  7:23  Extractor, Hatchery  
  122  7:26  Extractor  
  119  7:40  Drone x9  
  119  7:44  Glial Reconstitution  
  128  7:47  Hydralisk Den, Zerg Missile Weapons Level 1  
  128  7:51  Evolution Chamber  
  126  7:59  Spore Crawler, Spine Crawler  
  126  8:04  Infestation Pit, Overlord x4  
  123  8:07  Drone x8  
  131  8:17  Muscular Augments  
  131  8:18  Hydralisk x3  
  137  8:24  Hydralisk x4  
  145  8:31  Hydralisk  
  145  8:32  Hydralisk x4  
  145  8:33  Hydralisk  
  155  8:37  Spore Crawler  
  155  8:41  Spine Crawler  
  155  8:42  Swarm Host, Spine Crawler  
  155  8:43  Swarm Host  
  155  8:45  Swarm Host  
  163  8:53  Swarm Host  
  163  8:54  Swarm Host x3  
  175  8:56  Swarm Host  
  175  8:59  Overlord  
  175  9:02  Overlord  
  178  9:09  Swarm Host  
  178  9:11  Overlord  
  178  9:13  Hive  
  181  9:17  Spire  
  181  9:19  Swarm Host x2  
  181  9:21  Swarm Host  
  189  9:28  Grooved Spines  
  187  9:39  Swarm Host  
  152  9:54  Swarm Host x5  
  166  10:12  Hydralisk x7  
  146  10:21  Swarm Host x2  
  146  10:26  Extractor  
  143  10:28  Hatchery  
  143  10:30  Extractor  
  127  10:36  Hydralisk x4  
  127  10:38  Hydralisk x2  
  133  10:45  Hydralisk  
  133  10:48  Hydralisk  
  133  10:49  Hydralisk  
  136  10:55  Hydralisk  
  138  11:00  Hydralisk x2  
  138  11:10  Hydralisk x2  
  133  11:11  Hydralisk  
  127  11:22  Hydralisk x3  
  127  11:24  Hydralisk x3  
  133  11:30  Hydralisk  
  133  11:31  Hydralisk  
  117  11:35  Hydralisk  
  117  11:38  Hydralisk  
  118  11:41  Hydralisk  
  118  11:45  Hydralisk  
  122  11:48  Hydralisk  
  113  11:56  Hydralisk x4  
  113  11:59  Hydralisk  
  100  12:02  Hydralisk  
  100  12:03  Hydralisk  
Show
View Real Time Build Order
Export as new Build Order

CaptainPuka Terran - Winner!

Build Orders: Reaper Expand, Mech 

Get SALT Encoding   

  12  0:00  SCV  
  13  0:13  SCV  
  14  0:18  Supply Depot  
  14  0:25  SCV  
  15  0:40  SCV  
  16  0:44  Barracks  
  16  0:48  Refinery  
  16  0:52  SCV  
  17  1:04  SCV  
  18  1:21  SCV  
  19  1:33  Reaper  
  19  1:34  Orbital Command  
  20  1:47  Command Center  
  20  1:59  SCV  
  21  2:04  Marine  
  21  2:06  Supply Depot  
  22  2:15  SCV  
  22  2:17  Factory  
  22  2:21  Refinery  
  23  2:26  Barracks Reactor  
  23  2:29  SCV  
  24  2:41  SCV  
  25  2:54  SCV  
  26  2:58  Orbital Command  
  26  3:03  Armory  
  26  3:06  SCV  
  26  3:10  Hellion x2  
  31  3:18  SCV  
  32  3:31  Hellion x2, SCV x2  
  32  3:32  Supply Depot  
  38  3:43  SCV x2  
  40  3:52  Cyclone x2  
  40  3:53  Terran Vehicle Weapons Level 1  
  46  3:57  Supply Depot  
  46  3:59  SCV  
  47  4:15  SCV x2  
  49  4:24  Cyclone  
  49  4:25  Cyclone  
  49  4:27  SCV x2  
  57  4:33  Command Center  
  57  4:39  SCV x2  
  59  4:51  Supply Depot  
  59  4:53  Refinery  
  59  4:54  Refinery  
  59  4:57  Cyclone  
  62  5:07  Supply Depot  
  62  5:12  SCV, Cyclone  
  62  5:13  SCV  
  67  5:17  Supply Depot  
  67  5:25  SCV x2  
  69  5:29  Hellion  
  71  5:37  Supply Depot, SCV x2  
  73  5:44  Supply Depot  
  73  5:45  Hellion  
  73  5:49  SCV, Orbital Command  
  76  5:51  Hellion  
  76  5:54  Factory  
  78  5:58  SCV, Factory  
  78  6:00  Factory  
  78  6:03  Factory  
  79  6:30  Hellbat x2  
  83  6:33  SCV x3  
  83  6:37  Terran Vehicle Weapons Level 2  
  83  6:39  Supply Depot  
  86  6:40  Factory Tech Lab, Supply Depot  
  86  6:42  Factory Tech Lab  
  86  6:43  Factory Tech Lab  
  86  6:45  SCV  
  87  6:48  Factory Tech Lab  
  87  6:52  Hellbat x2  
  91  6:58  Orbital Command  
  91  7:04  Siege Tank x3  
  91  7:06  Thor  
  106  7:13  Hellbat x2  
  110  7:22  SCV x2  
  112  7:28  Supply Depot  
  112  7:30  Supply Depot  
  112  7:34  Hellbat, SCV  
  112  7:35  Hellbat  
  112  7:36  Siege Tank  
  120  7:45  SCV x2  
  120  7:46  SCV  
  123  7:53  Siege Tank x2  
  129  8:01  Siege Tank  
  129  8:02  Hellbat x2  
  136  8:09  Supply Depot x4  
  136  8:10  Siege Tank  
  136  8:12  SCV x3  
  142  8:15  Refinery  
  142  8:16  Refinery  
  142  8:23  Hellbat x2  
  146  8:30  Siege Tank  
  149  8:35  Supply Depot, Siege Tank  
  149  8:37  Supply Depot  
  152  8:44  Siege Tank  
  152  8:45  Hellbat x2  
  152  8:46  SCV x2  
  152  8:47  SCV  
  162  8:53  Command Center  
  162  8:56  Engineering Bay  
  162  8:58  SCV  
  162  8:59  Siege Tank  
  166  9:06  Hellbat  
  167  9:22  Siege Tank x3, Cyclone  
  179  9:27  Hellbat  
  172  9:49  Hellbat, Siege Tank  
  154  9:54  Hellbat x2, Siege Tank x2  
  147  10:10  Hellbat  
  149  10:15  Hellbat x2  
  152  10:21  Hellbat  
  152  10:26  Hellbat  
  152  10:27  Hellbat  
  156  10:32  Hellbat  
  147  10:37  Hellbat x2  
  147  10:42  Siege Tank  
  148  10:48  Hellbat, Siege Tank  
  153  10:53  Hellbat  
  155  10:58  Hellbat, Siege Tank  
  160  11:09  Siege Tank  
  159  11:14  Hellbat, Siege Tank  
  143  11:20  Hellbat, Siege Tank  
  148  11:30  Hellbat  
  138  11:36  Hellbat  
  140  11:41  Hellbat, Siege Tank  
  140  11:46  Siege Tank  
  148  11:51  Siege Tank  
  148  11:52  Siege Tank  
  151  11:57  Hellbat  
  147  12:02  Hellbat  
Tags
 
Add a new tag
Caveats
  • Supply blocks, unpowered buildings, or Contaminate may cause inaccurate times.
  • Supply counts are checked every 10 seconds.